 Dungeon Crawl Stone Soup version 0.28.0-62-gf88900778d (webtiles) character file.

Game seed: 7721106751639504098

15808 cbfl8 the Severer (level 12, -33/101 HPs)
             Began as a Minotaur Berserker on July 3, 2023.
             Was a High Priest of Trog.
             Hit by a large rock thrown by a stone giant (34 damage)
             ... on level 10 of the Dungeon.
             The game lasted 00:12:38 (15071 turns).

cbfl8 the Severer (Minotaur Berserker)             Turns: 15071, Time: 00:12:39

Health: -33/101    AC: 25    Str: 24    XL:     12   Next: 4%
Magic:  11/11      EV:  7    Int:  7    God:    Trog [*****.]
Gold:   648        SH:  0    Dex: 23    Spells: 11/11 levels left

rFire   . . .      SeeInvis .   v - +2 broad axe (venom)
rCold   + . .      Faith    .   (no shield)
rNeg    . . .      Spirit   .   a - +2 crystal plate armour
rPois   .          Reflect  .   (helmet restricted)
rElec   +          Harm     .   r - +0 cloak
rCorr   .          Rampage  .   (no gloves)
Will    .....                   (no boots)
Stlth   ..........              (no amulet)
HPRegen 0.26/turn               o - ring of Hutzirch {+Blink rElec Dex+6}
MPRegen 0.12/turn               j - ring of Dawn {rC+ Str+2 Int+3 Dex+2 Slay+2}

@: on berserk cooldown, slowed, very slow
A: horns 2, retaliatory headbutt
a: Renounce Religion, Evoke Blink, Berserk, Trog's Hand, Brothers in Arms


You were on level 10 of the Dungeon.
You worshipped Trog.
Trog was extremely pleased with you.
You visited 1 branch of the dungeon, and saw 10 of its levels.
You also visited: Bailey.

You collected 648 gold pieces.

Inventory:

Hand Weapons
 v - a +2 broad axe of venom (weapon)
 y - a +1 antimagic war axe
Armour
 a - a +2 crystal plate armour (worn)
 r - a +0 cloak (worn)
Jewellery
 j - the ring of Dawn (right hand) {rC+ Str+2 Int+3 Dex+2 Slay+2}
   (You acquired it on level 7 of the Dungeon)

   [ring of protection from cold]

   Str:       It affects your strength (+2).
   Int:       It affects your intelligence (+3).
   Dex:       It affects your dexterity (+2).
   Slay:      It affects your accuracy & damage with ranged weapons and melee
   (+2).
   rC:        It protects you from cold.
 o - the ring of Hutzirch (left hand) {+Blink rElec Dex+6}
   (You found it on level 4 of the Dungeon)

   [ring of dexterity]

   Dex:       It affects your dexterity (+6).
   rElec:     It insulates you from electricity.
   +Blink:    It lets you blink.
Wands
 c - a wand of iceblast (10) (quivered)
 i - a wand of digging (10)
 s - a wand of flame (12)
Scrolls
 l - 2 scrolls of fog
 n - 5 scrolls of teleportation
 x - 3 scrolls of fear
Potions
 b - a potion of degeneration {unknown}
 e - 2 potions of invisibility {unknown}
 f - 3 potions of heal wounds {unknown}
 g - a potion of lignification
 h - 3 potions of curing {unknown}
 k - 3 potions of resistance {unknown}
 m - a potion of mutation {unknown}
 p - a potion of might {unknown}
 u - 2 potions of flight {unknown}
 w - a potion of haste {unknown}


   Skills:
 + Level 8.1 Fighting
 * Level 16.2 Axes
 * Level 12.7 Armour
 + Level 4.0 Dodging
 + Level 1.2 Stealth
 * Level 6.3 Evocations


You had 11 spell levels left.
You didn't know any spells.
Your spell library was empty.

Dungeon Overview and Level Annotations

Branches:
Dungeon (10/15)            Temple (0/1) D:5            Lair (0/6) D:8
 Bailey (visited)
    Orc: D:9-12

Altars:
Ashenzari
Dithmenos
Elyvilon
Gozag
Okawaru
Qazlal
Ru
Sif Muna
Vehumet
Yredelemnul
Zin
The Shining One
Beogh


Innate Abilities, Weirdness & Mutations

You have a pair of horns on your head.
You reflexively headbutt those who attack you in melee.


Message History

You hit the stone giant.
The stone giant looks as sick as possible!
You headbutt the stone giant!
The stone giant is heavily wounded.
You hit the orc knight but do no damage.
You closely miss the gargoyle.
The orc knight hits you but does no damage.
The gargoyle hurls a stone arrow at you.
The stone arrow hits you!
* * * LOW HITPOINT WARNING * * *
You completely miss the stone giant.
The stone giant is heavily wounded.
You barely miss the gargoyle. You hit the orc knight.
The orc knight looks as sick as possible!
The stone giant hits you!!
* * * LOW HITPOINT WARNING * * *
Unknown command.
You hit the stone giant.
The stone giant looks as sick as possible!
The stone giant is severely wounded.
You closely miss the gargoyle.
You hit the orc knight but do no damage.
The orc knight closely misses you.
The gargoyle hits you but does no damage.
You feel a strong urge to attack something.
The gargoyle hurls a stone arrow at you.
The stone arrow hits you!
* * * LOW HITPOINT WARNING * * *
Things that are here:
a +0 giant club; a +0 giant club; a +0 hand axe You feel your anger nearly subside.
You are no longer berserk.
You are exhausted.
You feel yourself slow down.
You kill the orc knight!
Trog accepts your kill.
Blink to where?
Press: ? - help, Dir - move target
As you read the scroll of blinking, it crumbles to dust.
The stone giant throws a large rock.
The large rock hits you!!
You die...

♣...♣♣♣...≈...♣♣♣...♣.♣.#..#
#...
♣.♣♣..♣♣♣♣§♣♣♣♣..♣♣♣.♣.♣#..#
#...
..♣♣♣♣.........♣♣♣♣.♣.♣.#..#
#...
#########)C.#############..#
#...
........).............(....#
#...
...........9...............#
####
######.#..........##########
# #.#..........# #
#.#........@.# #
#............# #
##...........# #
#...........# #
#...######### #
##..........# ##..........#
###..>........#
#.......#)....#


You could see a stone giant (extremely poisoned) and a gargoyle.

Vanquished Creatures
  A centaur warrior (D:10)
  4 two-headed ogres (D:10)
  Urug (D:10)
  An orc high priest (Bailey)
  3 orc knights
  A manticore (D:8)
  A cyclops (D:10)
  An unseen horror (D:10)
  A kobold demonologist (Bailey)
  A freezing wraith (D:10)
  An efreet (D:10)
  A troll (D:8)
  A hornet (D:10)
  2 wyverns
  3 steam dragons
  11 yaks
  Eustachio (D:5)
  Grum (D:10)
  An acid dragon (D:10)
  Duvessa (D:7)
  A water moccasin (D:9)
  Edmund (D:6)
  Pargi (D:3)
  13 orc warriors
  An ice beast (D:6)
  A sky beast (D:5)
  A black bear (D:4)
  3 ogres
  A necrophage (D:8)
  A phantom (D:6)
  7 wolves
  4 centaurs (D:10)
  Blork the orc (D:5)
  2 kobold brigands
  A bullfrog (D:8)
  4 scorpions
  Dowan (D:7)
  A water moccasin skeleton (D:6)
  8 killer bees (D:8)
  4 wights (D:9)
  5 howler monkeys
  5 electric eels
  3 centaur zombies
  6 orc priests
  3 hounds
  Crazy Yiuf (D:6)
  A centaur skeleton (D:5)
  2 jellies (D:7)
  Jessica (D:3)
  Ijyb (D:3)
  An iguana (D:5)
  8 orc wizards
  A killer bee zombie (D:9)
  A howler monkey zombie (D:9)
  Robin (D:3)
  3 gnolls (Bailey)
  7 adders
  A shadow imp (D:7)
  A white imp (D:4)
  An adder skeleton (D:4)
  52 orcs
  6 endoplasms
  5 giant cockroaches
  17 goblins
  24 hobgoblins
  11 ball pythons
  6 bats
  4 frilled lizards
  15 kobolds
  6 rats
294 creatures vanquished.

Vanquished Creatures (collateral kills)
  An orc (Bailey)
1 creature vanquished.

Vanquished Creatures (others)
  An orc priest (D:10)
  A goblin (D:3)
  8 plants
10 creatures vanquished.

Grand Total: 305 creatures vanquished

Notes
Turn   | Place    | Note
-------+----------+-------------------------------------------
     0 | D:1      | cbfl8 the Minotaur Berserker began the quest for the Orb.
     0 | D:1      | Reached XP level 1. HP: 19/19 MP: 0/0
   624 | D:1      | Reached XP level 2. HP: 27/27 MP: 1/1
   704 | D:1      | Reached skill level 4 in Axes
  1413 | D:2      | Reached skill level 1 in Evocations
  1456 | D:2      | Reached XP level 3. HP: 30/33 MP: 2/2
  1499 | D:2      | Reached ** piety under Trog
  1981 | D:3      | Noticed Ijyb
  1989 | D:3      | Killed Ijyb
  2089 | D:3      | Reached XP level 4. HP: 15/40 MP: 3/3
  2587 | D:3      | Reached skill level 5 in Axes
  2626 | D:3      | Noticed Jessica
  2630 | D:3      | Killed Jessica
  2675 | D:3      | Noticed Pargi
  2683 | D:3      | Killed Pargi
  2684 | D:3      | Reached skill level 1 in Stealth
  2684 | D:3      | Reached XP level 5. HP: 46/46 MP: 4/4
  2950 | D:3      | Reached skill level 6 in Axes
  3142 | D:3      | Found a faded altar of an unknown god.
  3144 | D:3      | Noticed Robin
  3160 | D:3      | Killed Robin
  3165 | D:3      | Reached *** piety under Trog
  3579 | D:4      | Reached XP level 6. HP: 52/52 MP: 5/5
  3789 | D:4      | Found a shadowy altar of Dithmenos.
  3815 | D:4      | Found a basalt altar of Yredelemnul.
  3850 | D:4      | Identified the ring of Hutzirch {+Blink rElec Dex+6}
  3871 | D:4      | Found a stormy altar of Qazlal.
  4117 | D:4      | Found an opulent altar of Gozag.
  4286 | D:5      | Entered Level 5 of the Dungeon
  4572 | D:5      | Found a staircase to the Ecumenical Temple.
  4640 | D:5      | Reached skill level 7 in Axes
  4640 | D:5      | Reached XP level 7. HP: 60/60 MP: 6/6
  4643 | D:5      | Noticed a wyvern
  4648 | D:5      | Killed a wyvern
  4649 | D:5      | Reached skill level 5 in Armour
  5061 | D:5      | Reached skill level 8 in Axes
  5270 | D:5      | Noticed Eustachio
  5271 | D:5      | Noticed Blork the orc
  5282 | D:5      | Killed Eustachio
  5283 | D:5      | Reached XP level 8. HP: 67/67 MP: 7/7
  5362 | D:5      | Killed Blork the orc
  5569 | D:5      | Found a shimmering blue altar of Sif Muna.
  5741 | D:6      | Noticed Edmund
  5752 | D:6      | Killed Edmund
  5753 | D:6      | Reached skill level 9 in Axes
  6408 | D:6      | Reached skill level 5 in Fighting
  7018 | D:6      | Found an iron altar of Okawaru.
  7121 | D:6      | Found a runed translucent door.
  7122 | D:6      | Noticed Crazy Yiuf
  7423 | D:6      | Killed Crazy Yiuf
  7619 | D:7      | Found a flagged portal.
  7619 | D:7      | Noticed Dowan
  7621 | D:7      | Noticed Duvessa
  7626 | D:7      | Killed Dowan
  7630 | D:7      | Killed Duvessa
  7631 | D:7      | Reached skill level 10 in Axes
  7631 | D:7      | Reached XP level 9. HP: 74/74 MP: 8/8
  7646 | Bailey   | Entered a bailey
  7946 | Bailey   | Reached **** piety under Trog
  8179 | Bailey   | Noticed an orc high priest
  8186 | Bailey   | Noticed a rust devil
  8186 | Bailey   | Noticed a red devil
  8187 | Bailey   | Killed an orc high priest
  8188 | Bailey   | Reached skill level 11 in Axes
  8321 | Bailey   | Noticed an orc knight
  8339 | Bailey   | Killed an orc knight
  8874 | Bailey   | Reached skill level 12 in Axes
  9078 | Bailey   | Reached XP level 10. HP: 83/83 MP: 9/9
  9137 | Bailey   | Found an iron altar of Okawaru.
  9137 | Bailey   | Noticed an orc knight
  9148 | Bailey   | Killed an orc knight
  9389 | D:7      | Acquired a +2 crystal plate armour
  9391 | D:7      | Acquired a +0 antimagic war axe
  9393 | D:7      | Acquired the ring of Dawn {rC+ Str+2 Int+3 Dex+2 Slay+2}
  9509 | D:7      | Found a glowing silver altar of Zin.
  9510 | D:7      | Found a glowing golden altar of the Shining One.
  9511 | D:7      | Found a white marble altar of Elyvilon.
  9560 | D:7      | Reached skill level 10 in Armour
 10200 | D:8      | Reached skill level 13 in Axes
 10200 | D:8      | Reached skill level 5 in Evocations
 10433 | D:8      | Found a staircase to the Lair.
 10564 | D:8      | Noticed a manticore
 10572 | D:8      | Killed a manticore
 10573 | D:8      | Reached skill level 14 in Axes
 11093 | D:8      | Reached XP level 11. HP: 84/91 MP: 3/10
 11106 | D:8      | Reached ***** piety under Trog
 11434 | D:9      | Found a sacrificial altar of Ru.
 11434 | D:9      | Found a broken altar of Ashenzari.
 11435 | D:9      | Found a radiant altar of Vehumet.
 12092 | D:10     | Entered Level 10 of the Dungeon
 12466 | D:10     | Noticed Urug
 12473 | D:10     | Killed Urug
 12735 | D:10     | Noticed Grum
 12738 | D:10     | Noticed a two-headed ogre
 12743 | D:10     | Reached skill level 15 in Axes
 12751 | D:10     | Killed Grum
 12753 | D:10     | Killed a two-headed ogre
 13002 | D:10     | Noticed a two-headed ogre
 13009 | D:10     | Killed a two-headed ogre
 13791 | D:10     | Noticed a centaur warrior
 14208 | D:10     | Killed a centaur warrior
 14571 | D:10     | Noticed a two-headed ogre
 14580 | D:10     | Killed a two-headed ogre
 14581 | D:10     | Reached skill level 16 in Axes
 14687 | D:10     | Noticed a two-headed ogre
 14694 | D:10     | Killed a two-headed ogre
 15026 | D:10     | Reached XP level 12. HP: 101/101 MP: 11/11
 15053 | D:10     | Noticed a stone giant
 15068 | D:10     | HP: 1/151 [gargoyle/stone arrow (12)]
 15071 | D:10     | Hit by a large rock thrown by a stone giant

Illustrated notes

Levels and vault maps discovered:
D:1:      lemuel_arrival_funnel, layout_loops_ring, serial_bayou_pond_c
D:2:      layout_basic, serial_curves, eino_curves_03, eino_curves_04
D:3:      corexii_shack_village, layout_basic,
          nicolae_ecumenical_snake_handling, uniq_pargi, uniq_ijyb, uniq_robin,
          uniq_jessica
D:4:      layout_rooms, nicolae_overflow_crystal_walls,
          nicolae_qazlal_general_emergency, grunt_gozag_breadcrumbs,
          kennysheep_mini_moat, corexii_hall_statues_deadend
D:5:      layout_rooms, tgw_sif, temple_statues, minmay_misc_feat_cross,
          grunt_ministairs_2, uniq_eustachio
D:6:      layout_loops_ring, mainiacjoe_overflow_chevrons, uniq_edmund,
          uniq_crazy_yiuf_cottage
D:7:      layout_loops_cross, good_gods_temple_1, enter_bailey_2,
          minmay_statues_item, kennysheep_flooded_box, uniq_duvessa
D:8:      layout_basic, erik_lair_island, special_room [special_room_orc],
          minmay_misc_feat_secret_circle, hangedman_decor_slide_cut
D:9:      layout_stronghold, gammafunk_temple_overflow_claw,
          minmay_misc_feat_nine_boxes
D:10:     nzn_winding_woodlands_medium [nzn_winding_woodlands_5x5_three,
          nzn_winding_woodlands_5x15_eye,
          nzn_winding_woodlands_5x5_checkerboard,
          nzn_winding_woodlands_5x5_open_star,
          nzn_winding_woodlands_center_triple_pond,
          nzn_winding_woodlands_hourglass, nzn_winding_woodlands_5x5_cross,
          nzn_winding_woodlands_5x15_lazy_stream,
          nzn_winding_woodlands_5x5_closed_star], layout_basic, uniq_grum,
          uniq_urug

Skill      XL: |  1  2  3  4  5  6  7  8  9 10 11 |
---------------+----------------------------------+-----
Axes           | 4 5 6 7 8 10 12 14 16 | 16.2
Evocations     | 1 2 3 4 5 6 |  6.3
Armour         | 3 4 6 8 9 11 12 | 12.7
Fighting       | 4 5 6 8 |  8.1
Stealth        | 1 |  1.2
Dodging        | 3 4 |  4.0

Action                   |  1- 3 |  4- 6 |  7- 9 | 10-12 || total
-------------------------+-------+-------+-------+-------++-------
Melee: Hand axe          |    80 |   102 |       |       ||   182
       Headbutt          |     7 |    14 |    37 |    80 ||   138
       Punch             |     2 |     2 |     4 |     9 ||    17
       War axe           |       |    13 |   158 |   142 ||   313
       Broad axe         |       |       |       |   153 ||   153
Invok: Berserk           |     3 |     2 |     6 |     5 ||    16
       Trog's Hand       |       |       |       |     2 ||     2
       Brothers in Arms  |       |       |       |     1 ||     1
Evoke: Wand              |       |       |    14 |       ||    14
  Use: Scroll            |     2 |     3 |     2 |    12 ||    19
 Stab: Sleeping          |     2 |       |       |       ||     2
Armor: Animal skin       |    13 |       |       |       ||    13
       Scale mail        |       |    47 |    44 |       ||    91
       Chain mail        |       |       |    11 |     2 ||    13
       Crystal plate arm |       |       |       |   231 ||   231
Dodge: Dodged            |    43 |    72 |    66 |    85 ||   266
